 Dungeon Crawl Stone Soup version 0.29-a0-214-g17f627cfee (webtiles) character file.

Game seed: 13111556235171798702

30 enile the Vandal (level 3, -2/28 HPs)
             Began as a Formicid Hunter on Feb 25, 2022.
             Slain by an adder (3 damage)
             ... on level 2 of the Dungeon.
             The game lasted 00:01:09 (826 turns).

enile the Vandal (Formicid Hunter)                   Turns: 826, Time: 00:01:10

Health: -2/28      AC:  3    Str: 15 (18) XL:     3   Next: 37%
Magic:  3/3        EV: 11    Int:  7 (10) God:
Gold:   64         SH:  0    Dex:  8 (11) Spells: 2/2 levels left

rFire   . . .      SeeInvis +   e - +0 battleaxe
rCold   . . .      Faith    .   (no shield)
rNeg    . . .      Spirit   .   b - +0 leather armour
rPois   .          Reflect  .   (helmet unavailable)
rElec   .          Harm     .   (no cloak)
rCorr   .          Rampage  .   (no gloves)
Will    .....                   (no boots)
Stlth   +.........              (no amulet)
HPRegen 0.09/turn               (no ring)
MPRegen 0.08/turn               (no ring)

@: lethally poisoned (-2 -> -5)
A: permanent stasis, dig shafts and tunnels, antennae 3, four strong arms
a: Dig, Shaft Self


You were on level 2 of the Dungeon.
You visited 1 branch of the dungeon, and saw 2 of its levels.

You collected 64 gold pieces.

Inventory:

Hand Weapons
 a - a +1 hunting sling
 d - a +1 short sword of draining
 e - a +0 battleaxe (weapon)
Armour
 b - a +0 leather armour (worn)


   Skills:
 + Level 2.7 Fighting
 + Level 4.7 Slings
 + Level 2.2 Dodging
 + Level 2.2 Stealth


You had 2 spell levels left.
You didn't know any spells.
Your spell library was empty.

Dungeon Overview and Level Annotations

Branches:
Dungeon (2/15)

Altars:


Innate Abilities, Weirdness & Mutations

You cannot be hasted, slowed, berserked, paralysed or teleported.
You can dig through walls and to a lower floor.
You have a pair of large antennae on your head. (SInv)
Your four strong arms can wield two-handed weapons with a shield.


Message History

You feel sick. The adder bites you but does no damage. The adder bites you.
The adder closely misses you.
You closely miss the adder.
You feel sick.
You are no longer poisoned.
The adder bites you. The adder closely misses you.
You are too injured to fight recklessly!
You are too injured to fight recklessly!
An adder is nearby!
An adder is nearby!
You hit the adder.
The adder is heavily wounded.
The adder bites you.
You are poisoned.
The adder poisons you! The adder bites you.
* * * LOW HITPOINT WARNING * * *
You are lethally poisoned!
The adder poisons you!
Okay, then.
It was a potion of degeneration.
There was something very wrong with that liquid.
You feel weakened.
You feel dopey.
You feel clumsy.
* * * LOW HITPOINT WARNING * * *
You feel very sick. The adder bites you.
* * * LOW HITPOINT WARNING * * *
It was a potion of curing.
You feel better. The adder bites you. x2
* * * LOW HITPOINT WARNING * * *
You are poisoned.
The adder poisons you!
Okay, then.
As you read the scroll labelled IREEDE HESOA, it crumbles to dust.
You feel a strange sense of stasis.
It was a scroll of teleportation.
* * * LOW HITPOINT WARNING * * *
You feel sick. The adder bites you.
* * * LOW HITPOINT WARNING * * *
You miss the adder.
The adder is heavily wounded.
* * * LOW HITPOINT WARNING * * *
You feel sick. The adder bites you.
You die...

###...........†##.#.#.##.#.#
#..............'............
#.###.##.....(†##.#.#.##.#.#
#. #...#.......##.#....#.#.# #
#...#.......##.#....#.#.#
#$..#.......##.#....#.#)# {
#...#.......##.#..###.#.#
#...##########.#<.. ..#.#
#.##†..$...@S.....########.#
#>..........................
!......†......................
#####....#####.......#########
#..... .####.. #....## .# .
##.#.. .# #.##. .# #. ..


You could see an adder.

Vanquished Creatures
  3 dart slugs
  5 bats
  A giant cockroach (D:2)
  A hobgoblin (D:1)
  3 jackals (D:2)
  2 kobolds (D:2)
  A quokka (D:2)
  A frilled lizard (D:2)
  4 goblins
  A rat (D:2)
22 creatures vanquished.

Notes
Turn   | Place    | Note
-------+----------+-------------------------------------------
     0 | D:1      | enile the Formicid Hunter began the quest for the Orb.
     0 | D:1      | Reached XP level 1. HP: 16/16 MP: 1/1
   131 | D:1      | Reached XP level 2. HP: 21/23 MP: 2/2
   158 | D:1      | You fall into a shaft and drop 1 floor!
   706 | D:2      | Reached XP level 3. HP: 28/28 MP: 3/3
   825 | D:2      | HP: 1/28 [adder (3)]
   826 | D:2      | Slain by an adder

Illustrated notes

Levels and vault maps discovered:
D:1:      dpeg_arrival_central, layout_rooms, basic_ecumenical_altar,
          minmay_misc_feat_nine_boxes
D:2:      layout_basic, hangedman_glass_teeth, minmay_quantized

Skill      XL: |  1  2 |
---------------+-------+-----
Dodging        | 2 |  2.2
Stealth        | 2 |  2.2
Fighting       | |  2.7
Slings         | |  4.7

Action                   || total
-------------------------++-------
Melee: Battleaxe         ||    43
       Short sword       ||     5
 Fire: Hunting sling     ||    23
  Use: Potion            ||     2
       Scroll            ||     1
 Stab: Sleeping          ||     2
Armor: Leather armour    ||    31
Dodge: Dodged            ||    64

Table legend: (Time is in decaauts)
 A = Elapsed time spent in this place.
 B = Non-inter-level travel time spent in this place.
 C = Inter-level travel time spent in this place.
 D = Time resting spent in this place.
 E = Time spent auto-exploring this place.
 F = Levels seen in this place.
 G = Mean time per level.
                   A        B        C        D        E       F      G
               +--------+--------+--------+--------+--------+-----+--------+
         Total |    862 |    821 |     41 |      0 |    629 |   2 |  431.0 |
       Dungeon |    862 |    821 |     41 |      0 |    629 |   2 |  431.0 |
               +--------+--------+--------+--------+--------+-----+--------+

Top non-repeatable levels by time:
     D:2: 697 daAuts
     D:1: 164 daAuts
